 Dungeon Crawl Stone Soup version 0.23.2-33-g5129a83184 (webtiles) character file.

Game seed: 17370330727603240458

39 MalarOregon the Magician (level 3, -2/29 HPs)
             Began as a Ghoul Wizard on July 9, 2019.
             Slain by an adder (3 damage)
             ... on level 3 of the Dungeon.
             The game lasted 00:04:28 (3157 turns).

MalarOregon the Magician (Ghoul Wizard)             Turns: 3157, Time: 00:04:29

Health: -2/29      AC:  3    Str: 10    XL:     3   Next: 47%
Magic:  4/6        EV: 12    Int: 14    God:
Gold:   175        SH:  0    Dex:  7    Spells: 5/8 levels left

rFire    + . .     SeeInvis .   p - +0 trident
rCold    + . .     Gourm    .   (no shield)
rNeg     + + +     Faith    .   a - +0 robe
rPois    ∞         Spirit   .   b - +0 hat
rElec    .         Reflect  .   (no cloak)
rCorr    .         Harm     .   n - +0 pair of gloves
MR       .....                  (no boots)
Stlth    ++........             h - amulet of magic regeneration
HPRegen  0.00/turn              i - ring of protection from fire
MPRegen  0.35/turn              (no ring)

@: rotting
A: rotting body, claws 1, carnivore, cold resistance 1, negative energy
resistance 3, inhibited regeneration, torment resistance, unbreathing
a: no special abilities


You were on level 3 of the Dungeon.
You were not hungry.

You visited 1 branch of the dungeon, and saw 3 of its levels.

You collected 175 gold pieces.

Inventory:

Hand Weapons
 p - a +0 trident (weapon)
   (You took it off a kobold on level 2 of the Dungeon)
Armour
 a - a +0 robe (worn)
 b - a +0 hat (worn)
 n - a +0 pair of gloves (worn)
   (You found it on level 2 of the Dungeon)
Jewellery
 h - an amulet of magic regeneration (around neck)
   (You found it on level 1 of the Dungeon)
 i - a ring of protection from fire (left hand)
   (You found it on level 1 of the Dungeon)
Scrolls
 c - 2 scrolls of identify {unknown}
 d - 2 scrolls of enchant armour {unknown}
 f - 2 scrolls of random uselessness {unknown}
 k - 3 scrolls of remove curse {@r2}
Potions
 g - a potion of curing {unknown}
 j - a potion of brilliance {unknown}
 l - a potion of magic {unknown}
 o - a potion of flight {unknown}
Comestibles
 e - 3 rations {!d}
 m - a chunk of flesh


   Skills:
 + Level 1.7 Fighting
 - Level 1.7 Dodging
 - Level 2.1 Stealth
 + Level 3.1 Spellcasting
 + Level 1.5 Conjurations
 - Level 0.8 Summonings
   Level 0.8 Translocations


You had 5 spell levels left.
You knew the following spells:

 Your Spells              Type           Power        Failure   Level  Hunger
a - Magic Dart            Conj           #...         11%         1    #......
x - Call Imp              Summ           #.......     22%         2    ##.....

Your spell library contained the following spells:

 Spells                   Type           Power        Failure   Level  Hunger
 Blink                    Tloc           N/A          22%         2    ##.....
 Slow                     Hex            #.......     32%         2    ##.....
 Conjure Flame            Conj/Fire      #.......     43%         3    ###....
 Mephitic Cloud           Conj/Pois/Air  #.......     45%         3    ###....


Dungeon Overview and Level Annotations

Branches:
Dungeon (3/15)

Altars:

Annotations:
D:2 Terence


Innate Abilities, Weirdness & Mutations

Your body is rotting away.
You thrive on raw meat.
You are immune to poison.
You have sharp fingernails.
You are carnivorous and can eat meat at any time.
Your flesh is cold resistant. (rC+)
You are immune to negative energy. (rN+++)
You do not regenerate when monsters are visible.
You are immune to unholy pain and torment.
You can survive without breathing.


Message History

There is a stone staircase leading down here.
There is a stone staircase leading down here.
There is a stone staircase leading up here.
Found 4 gold pieces.
You now have 175 gold pieces (gained 4).
A goblin comes into view.
A goblin is nearby!
A goblin is nearby!
Attack whom?
Aim: a goblin You reach to attack!
You hit the goblin.
An adder comes into view.
Aim: an adder (hasn't noticed you)
The magic dart hits the adder.
The adder hisses angrily.
The goblin hits you.
Aim: an adder (moderately wounded)
The magic dart hits the adder.
The goblin barely misses you.
Aim: an adder (moderately wounded)
The magic dart hits the adder.
The goblin barely misses you.
Aim: an adder (heavily wounded)
The magic dart hits the adder.
The goblin hits you.
Aim: an adder (heavily wounded)
Okay, then.
You closely miss the adder. The goblin closely misses you.
The adder bites you but does no damage.
You closely miss the adder. The adder bites you.
The goblin hits you but does no damage. The adder bites you.
The goblin hits you.
* * * LOW HITPOINT WARNING * * *
The adder bites you.
* * * LOW HITPOINT WARNING * * *
A beastly little devil appears in a puff of flame.
Your crimson imp says, "Let's raise destruction!"
The adder bites you.
* * * LOW HITPOINT WARNING * * *
You barely miss the adder. The adder closely misses you. The goblin hits you.
* * * LOW HITPOINT WARNING * * *
Your crimson imp barely misses the adder.
The adder closely misses you.
You closely miss the goblin. The goblin closely misses you.
The adder bites you.
* * * LOW HITPOINT WARNING * * *
Your crimson imp hits the adder.
You closely miss the adder. The adder bites you.
* * * LOW HITPOINT WARNING * * *
The goblin closely misses you.
Your crimson imp barely misses the adder.
The adder bites you.
You die...

..................
#########>........
...............#+##
#######.######....#
#......<# ..#....#
#.#####.####.#....###
#......#.......
#.####g#.......
#....@S........
######5#.......
#.#....... #.#.......
#.#....... ..#.......
........## ........#
....


You could see an adder, a goblin and a friendly crimson imp.

Vanquished Creatures
  An ooze (D:1)
  A dart slug (D:1)
  2 bats
  4 giant cockroaches
  4 goblins
  4 hobgoblins
  5 kobolds
  A ball python (D:1)
  2 frilled lizards (D:2)
  5 rats
29 creatures vanquished.

Vanquished Creatures (collateral kills)
  A hobgoblin (D:1)
  A quokka (D:2)
2 creatures vanquished.

Grand Total: 31 creatures vanquished

Notes
Turn   | Place    | Note
-------+----------+-------------------------------------------
     0 | D:1      | MalarOregon the Ghoul Wizard began the quest for the Orb.
     0 | D:1      | Reached XP level 1. HP: 14/14 MP: 3/3
  1165 | D:1      | Reached skill level 1 in Conjurations
  1239 | D:1      | Reached skill level 1 in Fighting
  1239 | D:1      | Reached XP level 2. HP: 16/21 MP: 0/4
  1308 | D:1      | Learned a level 2 spell: Call Imp
  1882 | D:1      | Reached skill level 3 in Spellcasting
  1898 | D:1      | Reached XP level 3. HP: 28/28 MP: 6/6
  2534 | D:2      | Noticed Terence
  3157 | D:3      | HP: 1/29 [adder (3)]
  3157 | D:3      | Slain by an adder

Skill      XL: |  1  2 |
---------------+-------+-----
Conjurations   | 1 |  1.5
Fighting       | 1 |  1.7
Spellcasting   | 3 |  3.1
Dodging        | |  1.7
Stealth        | |  2.1
Summonings     | |  0.8
Translocations | |  0.8

Action                   || total
-------------------------++-------
Melee: Unarmed           ||    49
       Spear             ||    77
       Trident           ||    28
       War axe           ||    12
 Cast: Magic Dart        ||    29
       Call Imp          ||     3
  Use: Scroll            ||     1
 Stab: Sleeping          ||     3
  Eat: Chunk             ||     8
Armor: Robe              ||    21
Dodge: Dodged            ||   117
